 Dungeon Crawl Stone Soup version 0.20.1-1-g8b1a95d (webtiles) character file.

4722 tmwrnj the Cleaver (level 10, -1/86 HPs)
             Began as a Hill Orc Fighter on July 5, 2017.
             Was a Believer of Beogh.
             Killed from afar by Maurice (18 damage)
             ... with a wand of lightning (?/15)
             ... on level 8 of the Dungeon.
             The game lasted 00:30:48 (8493 turns).

tmwrnj the Cleaver (Hill Orc Fighter)               Turns: 8493, Time: 00:30:49

Health: -1/86      AC: 13    Str: 22    XL:     10   Next: 45%
Magic:  10/10      EV:  8    Int:  8    God:    Beogh [**....]
Gold:   260        SH: 16    Dex: 15    Spells: 9/9 levels left

rFire    . . .     SeeInvis .   a - +0 war axe
rCold    . . .     Gourm    .   c - +0 shield
rNeg     + . .     Faith    .   E - +1 chain mail {rN+}
rPois    .         Spirit   .   w - +0 helmet
rElec    .         Reflect  +   (no cloak)
rCorr    .         Harm     .   (no gloves)
MR       .....                  (no boots)
Stlth    ..........             q - +4 amulet of reflection
Regen    0.3/turn               z - +4 ring of dexterity
MPRegen  0.2/turn               (no ring)

@: no status effects
A: no striking features
a: Smiting, Renounce Religion


You were on level 8 of the Dungeon.
You worshipped Beogh.
Beogh was pleased with you.
You were very hungry.

You visited 1 branch of the dungeon, and saw 8 of its levels.

You collected 582 gold pieces.
You spent 322 gold pieces at shops.

Inventory:

Hand Weapons
 a - a +0 war axe (weapon)
 L - a +0 battleaxe
Armour
 c - a +0 shield (worn)
 p - a +0 chain mail
 w - a +0 helmet (worn)
 y - a +0 plate armour
 E - a +1 chain mail of positive energy (worn)
Jewellery
 q - a +4 amulet of reflection (around neck)
 z - a +4 ring of dexterity (left hand)
Wands
 C - a wand of iceblast (1/15)
 D - a wand of acid (9/15)
 G - a wand of digging (5/24)
 K - a wand of clouds (5/9)
Scrolls
 b - 3 scrolls of amnesia
 e - 3 scrolls of recharging
 g - 2 scrolls of immolation {unknown}
 h - 2 scrolls of remove curse
 k - 3 scrolls of teleportation
 l - a scroll of fog {unknown}
 m - 5 scrolls of identify
 n - 3 scrolls of noise {unknown}
 s - a scroll of fear {unknown}
 x - 3 scrolls of magic mapping
 I - 2 scrolls of enchant weapon
 M - a scroll of silence {unknown}
Potions
 d - 2 potions of might
 i - 2 potions of berserk rage {unknown}
 j - a potion of resistance
 t - 3 potions of curing
 u - 2 potions of brilliance {unknown}
 v - a potion of lignification {unknown}
 A - a potion of mutation {unknown}
 H - a potion of agility
 J - 2 potions of flight {unknown}
Comestibles
 f - 4 bread rations
 o - 2 fruits
 r - 5 meat rations
 F - 2 royal jellies


   Skills:
 + Level 7.4 Fighting
 + Level 12.2 Axes
 + Level 7.6 Armour
 + Level 2.2 Dodging
 + Level 0.5 Stealth
 + Level 9.0 Shields


You had 9 spell levels left.
You didn't know any spells.

Dungeon Overview and Level Annotations

Branches:
Dungeon (8/15)             Temple (0/1) D:6
   Lair: D:8-11

Altars:
Ashenzari
Gozag
Hepliaklqana
Makhleb
Okawaru
Trog
Uskayaw
Xom
Zin

Shops:
D:7 %!*!?

Annotations:
D:8 Gastronok, Maurice


Message History

You drop a book of the Dragon.
Okay, then.
You see here a leather armour.
Okay, then.
Gastronok and Maurice come into view.
Gastronok gurgles horribly!
Maurice shouts!
Maurice casts a spell.
Maurice puts on a burst of speed!
Found a stone staircase leading up.
Maurice drinks a potion.
Maurice suddenly seems more resistant.
Maurice shouts, "HAHA!"
Maurice zaps a wand.
The bolt of lightning hits you! x2
It is a wand of lightning (?/15).
There is an open door here.
Maurice mumbles some strange words.
Maurice blinks!
Maurice zaps a wand.
The bolt of lightning hits you!
* * * LOW HITPOINT WARNING * * *
Maurice zaps a wand.
The bolt of lightning hits you!
You die...

##..###...##...##..##..#
#..............##..##...
#...................#... #....
##..................#... .....
#####...############## #..# ....w
#..##..@##..###.########... #....
#...............#....#..... #....
#..##...........'....#.....
#...w######...##@.....#....#.....
.........####'##......#....#.....
............ยง.######..###'###...#
.....##..##..(##..##..##..#######
##### #..##...##......#.........#
#..##[..##.....<#.........'
#...#...##..##'###...##...#
#...#.:.##..##.###...##...#
#..##...##......#.>..##...#


You could see Maurice.

Vanquished Creatures
  Erica (D:8)
  Pikel (D:8)
  The ghost of tmwrnj the Chopper, an amateur HOFi of Beogh (D:4)
  Grum (D:8)
  Duvessa (D:7)
  An orc warrior (D:6)
  A slave (D:8)
  3 sky beasts
  A phantom (D:5)
  A black bear (D:7)
  An ice beast (D:6)
  An ogre (D:7)
  4 wolves (D:8)
  2 centaurs
  4 bullfrogs
  2 big kobolds (D:8)
  Dowan (D:7)
  A scorpion (D:5)
  5 wights (D:6)
  2 howler monkeys (D:6)
  2 crimson imps
  2 quasits
  A bullfrog zombie (D:8)
  A bullfrog skeleton (D:7)
  2 orc priests (D:4)
  A hound (D:4)
  A gnoll shaman (D:6)
  7 orc wizards
  Terence (D:2)
  3 iguanas
  Natasha (thrice) (D:2)
  5 worker ants
  A killer bee zombie (D:7)
  2 worker ant zombies (D:7)
  7 gnolls
  9 adders
  2 shadow imps
  An ooze (D:3)
  2 adder skeletons
  7 worms
  A dart slug (D:2)
  6 leopard geckos
  24 orcs
  2 ball pythons
  8 giant cockroaches
  10 goblins
  12 hobgoblins
  5 jackals
  2 quokkas
  A ball python skeleton (D:6)
  4 bats
  4 frilled lizards
  14 kobolds
  A quokka zombie (D:5)
  16 rats
205 creatures vanquished.

Vanquished Creatures (others)
  2 slaves (D:8)
  An orc (D:3)
  A bat (D:3)
  A kobold (D:8)
5 creatures vanquished.

Grand Total: 210 creatures vanquished

Notes
Turn   | Place    | Note
-------+----------+-------------------------------------------
     0 | D:1      | tmwrnj the Hill Orc Fighter began the quest for the Orb.
     0 | D:1      | Reached XP level 1. HP: 19/19 MP: 1/1
    97 | D:1      | Reached XP level 2. HP: 27/27 MP: 2/2
   227 | D:1      | Reached skill level 3 in Axes
   354 | D:1      | Reached XP level 3. HP: 32/33 MP: 3/3
   721 | D:2      | Noticed Natasha
   737 | D:2      | Killed Natasha
   737 | D:2      | Reached skill level 4 in Axes
   737 | D:2      | Reached XP level 4. HP: 26/40 MP: 4/4
   929 | D:2      | Noticed Terence
   940 | D:2      | Noticed Natasha
   943 | D:2      | Killed Terence
   947 | D:2      | Killed Natasha
   947 | D:2      | Reached XP level 5. HP: 34/46 MP: 5/5
  1039 | D:2      | Noticed Natasha
  1059 | D:2      | Killed Natasha
  1059 | D:2      | Reached skill level 1 in Dodging
  1296 | D:2      | Found a glowing silver altar of Zin.
  1310 | D:2      | Found an iron altar of Okawaru.
  1316 | D:2      | Found an opulent altar of Gozag.
  1375 | D:2      | Reached skill level 5 in Axes
  1506 | D:3      | Found a shattered altar of Ashenzari.
  1548 | D:3      | Reached XP level 6. HP: 52/52 MP: 6/6
  2029 | D:3      | Became a worshipper of Beogh the Brigand
  2055 | D:3      | Found a burning altar of Makhleb.
  2055 | D:3      | Noticed a blizzard demon
  2312 | D:4      | Noticed tmwrnj's ghost (amateur HOFi)
  2699 | D:4      | Found a shimmering altar of Xom.
  2700 | D:4      | Found a hazy altar of Hepliaklqana.
  2701 | D:4      | Noticed a spectral ugly thing
  2894 | D:5      | Entered Level 5 of the Dungeon
  2903 | D:5      | Reached skill level 6 in Axes
  2920 | D:5      | Reached skill level 5 in Shields
  2920 | D:5      | Reached XP level 7. HP: 22/59 MP: 7/7
  3130 | D:5      | Noticed a two-headed ogre
  3211 | D:4      | Killed tmwrnj's ghost
  3211 | D:4      | Reached skill level 7 in Axes
  3211 | D:4      | Reached skill level 5 in Armour
  4246 | D:5      | Reached skill level 5 in Fighting
  4310 | D:5      | Found a hide-covered altar of Uskayaw.
  4463 | D:6      | Reached XP level 8. HP: 67/68 MP: 8/8
  4967 | D:4      | Reached skill level 8 in Axes
  5044 | D:4      | Reached * piety under Beogh
  5610 | D:6      | Reached skill level 9 in Axes
  5689 | D:6      | Found a staircase to the Ecumenical Temple.
  5800 | D:6      | Reached XP level 9. HP: 73/75 MP: 9/9
  5820 | D:6      | Reached skill level 10 in Axes
  6467 | D:7      | Found Ocliapsa's General Store.
  6473 | D:7      | Found Jijeawol's Distillery.
  6490 | D:7      | Bought a scroll of identify for 26 gold pieces
  6490 | D:7      | Bought a scroll of magic mapping for 45 gold pieces
  6495 | D:7      | Bought a potion of heal wounds for 70 gold pieces
  6495 | D:7      | Bought a potion of curing for 42 gold pieces
  6615 | D:7      | Found Foeh's Distillery.
  6623 | D:7      | Reached ** piety under Beogh
  6629 | D:7      | Bought a potion of degeneration for 13 gold pieces
  6688 | D:7      | Noticed Dowan
  6689 | D:7      | Noticed Duvessa
  6706 | D:7      | Killed Duvessa
  6716 | D:7      | Killed Dowan
  6739 | D:7      | Reached skill level 11 in Axes
  7053 | D:7      | Found Akhlo's Food Boutique.
  7113 | D:7      | You fall through a shaft!
  7308 | D:7      | Found Tuizaist's Magic Scroll Shoppe.
  7311 | D:7      | Bought a scroll of teleportation for 36 gold pieces
  7311 | D:7      | Bought a scroll of enchant weapon for 90 gold pieces
  7360 | D:7      | Noticed a moth of wrath
  7363 | D:7      | Found a bloodstained altar of Trog.
  7596 | D:8      | Noticed Pikel
  7653 | D:8      | Killed Pikel
  7653 | D:8      | Reached XP level 10. HP: 67/84 MP: 10/10
  7759 | D:8      | Noticed Grum
  7814 | D:8      | Killed Grum
  8014 | D:8      | Noticed Erica
  8039 | D:8      | Killed Erica
  8039 | D:8      | Reached skill level 12 in Axes
  8481 | D:8      | Noticed Gastronok
  8481 | D:8      | Noticed Maurice
  8493 | D:8      | Killed from afar by Maurice

Skill      XL: |  1  2  3  4  5  6  7  8  9 10 |
---------------+-------------------------------+-----
Axes           | 3 4 5 6 7 9 11 12 | 12.2
Fighting       | 4 5 6 7 |  7.4
Armour         | 4 5 6 7 |  7.6
Shields        | 4 5 6 8 9 |  9.0
Dodging        | 1 2 |  2.2
Stealth        | |  0.5

Action                   |  1- 3 |  4- 6 |  7- 9 | 10-12 || total
-------------------------+-------+-------+-------+-------++-------
Melee: War axe           |   122 |   199 |   499 |    89 ||   909
Invok: Convert to Beogh  |       |     1 |       |       ||     1
  Use: Scroll            |       |     1 |     5 |       ||     6
       Potion            |       |       |       |     2 ||     2
  Eat: Chunk             |       |     6 |    14 |     3 ||    23
       Fruit             |       |       |     2 |       ||     2
Armor: Scale mail        |    60 |    11 |       |       ||    71
       Chain mail        |       |    84 |   181 |    31 ||   296
Dodge: Dodged            |    38 |    52 |   106 |    25 ||   221
Block: Shield            |    64 |   111 |   333 |    85 ||   593
       Reflection        |       |       |     6 |     1 ||     7
